AoeStats
← Marianob04

Black Forest

510419789Analyzed
4v4 RM · 2d ago on Sep 30, 2026· 26m 37s· 8 players
Game mode
Random Map
Map size
Large (8 player)
Population
200
Speed
Normal
Resources
Standard
Victory
Conquest
Starting age
Dark Age
Ending age
Imperial Age
RankedLock teamsTeams togetherTeam positionsShared explorationLock speedFull tech treeHidden civsTurbo modeCheats
Victory
Defeat
🇧🇴 Persians · Bolivia
1209
+9
🇲🇽 Varangians · Mexico
1188
+21
🇲🇽 Maya · Mexico
1178
+10
🇲🇽 Hindustanis · Mexico
1063
+16
🇵🇪 Slavs · Peru
1097
-13
🇺🇸 Mapuche · United States
1048
-11
🇨🇴 Celts · Colombia
1035
-11
🇦🇷 Vietnamese · Argentina
1020
-10
SwedenBirdieSkaggs236
0:51 Loom
16:00 Feudal Age
24:27 Padded Archer Armor
24:18 Fletching
santiagoa311
11:00 Feudal Age
13:29 Loom
16:15 Castle Age
14:31 Fletching
15:01 Horse Collar
21:44 Town Watch
22:13 Pikeman
25:25 Scale Mail Armor
Marianob04
0:53 Loom
19:06 Feudal Age
20:38 Double-Bit Axe
23:14 Castle Age
23:16 Scale Mail Armor
24:32 Forging
MACS-X
0:37 Loom
13:01 Feudal Age
13:22 Feudal Age
17:46 Castle Age
15:49 Horse Collar
15:59 Double-Bit Axe
19:44 Wheelbarrow
DSLG | LA CACA
1:08 Loom
17:35 Feudal Age
21:38 Castle Age
22:10 Arson
24:20 Squires
26:02 Gambesons
27:22 Forging
DSLG | Maxteel97
0:27 Loom
11:07 Feudal Age
11:11 Man-at-Arms
22:26 Castle Age
20:39 Fletching
20:50 Double-Bit Axe
22:29 Crossbowman
23:06 Bodkin Arrow
23:23 Bow Saw
24:04 Padded Archer Armor
DSLG | THERIAN
0:28 Loom
11:23 Feudal Age
11:53 Feudal Age
16:37 Castle Age
14:26 Double-Bit Axe
16:01 Wheelbarrow
15:32 Horse Collar
18:12 Bow Saw
18:58 Husbandry
20:18 Scale Barding Armor
21:36 Heavy Plow
23:35 Gold Mining
25:06 Husbandry
26:03 Forging
27:03 Hand Cart
27:43 Gold Shaft Mining
DSLG | GORDA CACHONDA
13:06 Feudal Age
16:52 Castle Age
18:10 Horse Collar
18:17 Double-Bit Axe
19:12 Husbandry
23:07 Forging
25:16 Scale Barding Armor
Connection lost

Rejoining the realm…

Still unreachable

The connection could not be restored.

Session expired

The server has moved on; the page needs a fresh start.